 Dungeon Sprint DCSS version 0.22-a0-858-g985ef60 (webtiles) character file.

1738 Kidiri the Eclecticist (level 8, 0/43 HPs)
             Began as a Deep Elf Fire Elementalist on July 27, 2018.
             Was a Priest of Vehumet.
             Slain by Erolcha
             ... wielding a +0 giant club
              (27 damage)
             ... in the Dungeon (Sprint III: "The Ten Rune Challenge").
             The game lasted 00:06:04 (1052 turns).

Kidiri the Eclecticist (Deep Elf Fire Elementalist) Turns: 1052, Time: 00:06:04

Health: 0/43       AC:  4    Str:  5    XL:     8   Next: 77%
Magic:  25/30      EV: 14    Int: 23    God:    Vehumet [***...]
Gold:   26         SH:  0    Dex: 15    Spells: 16/39 levels left

rFire    . . .     SeeInvis .   j - +0 dagger
rCold    . . .     Gourm    .   (no shield)
rNeg     . . .     Faith    .   k - +2 robe
rPois    .         Spirit   .   (no helmet)
rElec    .         Reflect  .   (no cloak)
rCorr    .         Harm     .   (no gloves)
MR       .....     NoTele   +   (no boots)
Stlth    ++........             (no amulet)
HPRegen  0.14/turn              (no ring)
MPRegen  0.22/turn              (no ring)

@: no status effects
A: hooves 1, wild magic 1
a: Renounce Religion


You were in the Dungeon.
You worshipped Vehumet.
Vehumet was most pleased with you.
You were not hungry.

You visited 1 branch You collected 26 gold pieces.

Inventory:

Hand Weapons
 j - a +0 dagger (weapon)
Armour
 a - a +0 buckler
 k - a +2 robe (worn)
Scrolls
 i - a scroll of blinking
 m - a scroll of immolation
 p - a scroll of torment
 q - a scroll of remove curse
Potions
 d - a potion of curing
 e - 2 potions of heal wounds
 f - a potion of haste
 g - 2 potions of magic
 h - 2 potions of berserk rage
 l - a potion of mutation
 n - a potion of might
 o - 3 potions of flight
Comestibles
 b - 3 chunks of flesh
 c - 5 rations


   Skills:
 + Level 1.4 Fighting
 + Level 2.0 Short Blades
 + Level 1.4 Armour
 + Level 3.4 Dodging
 - Level 2.4 Stealth
 + Level 1.5 Shields
 * Level 16.4 Spellcasting
 + Level 10.3 Conjurations
 + Level 10.8 Fire Magic
 + Level 2.0 Ice Magic
 + Level 1.3 Air Magic
 + Level 1.7 Poison Magic


You had 16 spell levels left.
You knew the following spells:

 Your Spells              Type           Power        Failure   Level  Hunger
a - Flame Tongue          Conj/Fire      #####        1%          1    None
b - Throw Flame           Conj/Fire      ######       1%          2    None
c - Conjure Flame         Conj/Fire      ######..     1%          3    None
d - Inner Flame           Hex/Fire       ######..     1%          3    None
e - Sticky Flame          Conj/Fire      ######..     1%          4    None
f - Fireball              Conj/Fire      ######....   1%          5    ##.....
g - Throw Frost           Conj/Ice       ######       1%          2    None
h - Mephitic Cloud        Conj/Pois/Air  ######..     1%          3    None

Your spell library contained the following spells:

 Spells                   Type           Power        Failure   Level  Hunger
 Apportation              Tloc           ###...       5%          1    None
 Summon Small Mammal      Summ           ###.         5%          1    None
 Animate Skeleton         Necr           N/A          5%          1    None
 Regeneration             Chrm/Necr      ###.......   13%         3    None
 Confusing Touch          Hex            ###...       5%          1    None
 Shroud of Golubria       Chrm/Tloc      ###.......   7%          2    None
 Infusion                 Chrm           ###.         5%          1    None
 Song of Slaying          Chrm           ###.....     7%          2    None
 Spectral Weapon          Hex/Chrm       ###.....     13%         3    None


Dungeon Overview and Level Annotations

Branches:
Dungeon (1/1)

Altars:
Cheibriados
Dithmenos
Elyvilon
Fedhas
Gozag
Hepliaklqana
Kikubaaqudgha
Makhleb
Nemelex Xobeh
Okawaru
Qazlal
Ru
Sif Muna
Trog
Uskayaw
Vehumet
Wu Jian
Xom
Yredelemnul
Zin
The Shining One
Beogh
Jiyva
Lugonu

Annotations:
D exclusion: door, Erolcha


Innate Abilities, Weirdness & Mutations

You have large cloven feet.
Your spells are a little harder to cast, but a little more powerful.


Message History

You butcher the two-headed ogre corpse.
b - 4 chunks of flesh
Things that are here:
a giant club x2
You start resting.
Eating one of 4 chunks of flesh.
You eat one of the 4 chunks of flesh.
This raw flesh tastes terrible.
Erolcha the Cunning comes into view.
She is wielding a giant club.
Erolcha is nearby!
Unknown command.
Casting: Flame Tongue (safe; 1% risk of failure)
Confirm with . or Enter, or press ? or * to list all spells.
Aiming: Sticky Flame (safe; 1% risk of failure)
Press: ? - help, Shift-Dir - straight line, f - Erolcha
Aim: Erolcha, wielding a giant club and wearing a runed robe (hasn't noticed you)
The sticky flame hits Erolcha.
Erolcha is lightly wounded.
Erolcha is covered in liquid flames!
Erolcha burns!
Erolcha hits you with a giant club!!
Ouch! That really hurt!
You die...

#### #__# #._# #+##
...# ...# ##'#
...#+##############
...#....#.#.#...@.#
...##.#..#.##.###O#
...)##.#.#.##)# ##
...#)..#..#..##
▓▓▓▓▓▓▓▓▓▓▓▓▓▓


You could see Erolcha (burning).

Vanquished Creatures
  A deep elf mage (D)
  A shadow (D)
  A spatial vortex (D)
  A necrophage (D)
  4 two-headed ogres (D)
  A water elemental (D)
  A jelly (D)
  A wizard (D)
  Jessica (D)
  A necromancer (D)
  3 humans (D)
  A kobold demonologist (D)
  A wolf (D)
  3 rats (D)
21 creatures vanquished.

Vanquished Creatures (others)
  2 draconian scorchers (D)
  Nessos (D)
  6 hellions (D)
  A yaktaur (D)
10 creatures vanquished.

Grand Total: 31 creatures vanquished

Notes
Turn   | Place    | Note
-------+----------+-------------------------------------------
     0 | D        | Kidiri the Deep Elf Fire Elementalist began the quest for the Orb.
     0 | D        | Reached XP level 1. HP: 10/10 MP: 6/6
    16 | D        | Noticed Jessica
    18 | D        | Killed Jessica
    18 | D        | Reached skill level 6 in Spellcasting
    18 | D        | Reached XP level 2. HP: 15/15 MP: 2/11
    92 | D        | Learned a level 2 spell: Throw Flame
   103 | D        | Reached XP level 3. HP: 19/19 MP: 8/13
   111 | D        | Killed a hellion
   114 | D        | Killed a hellion
   135 | D        | Killed a yaktaur
   144 | D        | Killed a hellion
   145 | D        | Learned a level 3 spell: Conjure Flame
   145 | D        | Killed a hellion
   149 | D        | Learned a level 3 spell: Inner Flame
   149 | D        | Killed a hellion
   157 | D        | Reached skill level 7 in Spellcasting
   157 | D        | Reached skill level 5 in Fire Magic
   175 | D        | Killed a hellion
   192 | D        | Gained mutation: You have sharp fingernails. [potion of mutation]
   192 | D        | Gained mutation: You are agile. (Dex +2) [potion of mutation]
   193 | D        | Lost mutation: You are agile. (Dex +2) [potion of mutation]
   193 | D        | Lost mutation: You have sharp fingernails. [potion of mutation]
   193 | D        | Gained mutation: You are surrounded by a mild repulsion field. (EV +2) [potion of mutation]
   193 | D        | Gained mutation: You expend magic power (3 MP) to strengthen your wands. [potion of mutation]
   194 | D        | Lost mutation: You are surrounded by a mild repulsion field. (EV +2) [potion of mutation]
   194 | D        | Lost mutation: You expend magic power (3 MP) to strengthen your wands. [potion of mutation]
   194 | D        | Gained mutation: Your spells are a little harder to cast, but a little more powerful. [potion of mutation]
   194 | D        | Gained mutation: You have large cloven feet. [potion of mutation]
   204 | D        | Killed a white draconian scorcher
   218 | D        | Killed a white draconian scorcher
   239 | D        | Noticed a water elemental
   242 | D        | Killed a water elemental
   242 | D        | Reached skill level 9 in Spellcasting
   242 | D        | Reached skill level 5 in Conjurations
   242 | D        | Reached XP level 4. HP: 24/24 MP: 11/17
   285 | D        | Learned a level 4 spell: Sticky Flame
   285 | D        | Found a radiant altar of Vehumet.
   286 | D        | Found a deep blue altar of Sif Muna.
   286 | D        | Found an ancient bone altar of Kikubaaqudgha.
   286 | D        | Noticed a wizard
   289 | D        | Killed a wizard
   289 | D        | Reached XP level 5. HP: 28/28 MP: 10/19
   290 | D        | Reached skill level 10 in Spellcasting
   300 | D        | Became a worshipper of Vehumet
   307 | D        | Learned a level 5 spell: Fireball
   350 | D        | Found a glowing silver altar of Zin.
   351 | D        | Found a glowing golden altar of the Shining One.
   351 | D        | Found a white marble altar of Elyvilon.
   351 | D        | Noticed a deep elf mage
   357 | D        | Killed a deep elf mage
   357 | D        | Reached skill level 13 in Spellcasting
   357 | D        | Reached XP level 6. HP: 24/32 MP: 12/24
   357 | D        | Reached XP level 7. HP: 27/36 MP: 13/26
   426 | D        | Found a hide-covered altar of Uskayaw.
   426 | D        | Found a roughly hewn altar of Beogh.
   426 | D        | Found an iron altar of Okawaru.
   426 | D        | Found a bloodstained altar of Trog.
   426 | D        | Found an ornate altar of the Wu Jian Council.
   426 | D        | Noticed a human
   426 | D        | Noticed a human
   429 | D        | Killed a human
   429 | D        | Reached skill level 14 in Spellcasting
   429 | D        | Killed a human
   429 | D        | Reached * piety under Vehumet
   429 | D        | Offered knowledge of Sting by Vehumet.
   429 | D        | Reached skill level 15 in Spellcasting
   497 | D        | Found a basalt altar of Yredelemnul.
   497 | D        | Found a shadowy altar of Dithmenos.
   497 | D        | Found a sacrificial altar of Ru.
   503 | D        | Reached skill level 10 in Fire Magic
   567 | D        | Killed Nessos
   680 | D        | Noticed a shadow
   682 | D        | Killed a shadow
   682 | D        | Offered knowledge of Throw Frost by Vehumet.
   682 | D        | Reached ** piety under Vehumet
   682 | D        | Reached XP level 8. HP: 41/41 MP: 19/29
   779 | D        | Found a blossoming altar of Fedhas.
   779 | D        | Found a stormy altar of Qazlal.
   779 | D        | Found a snail-covered altar of Cheibriados.
   779 | D        | Found a burning altar of Makhleb.
   779 | D        | Found a shimmering altar of Xom.
   785 | D        | Found a hazy altar of Hepliaklqana.
   785 | D        | Found an opulent altar of Gozag.
   785 | D        | Found a sparkling altar of Nemelex Xobeh.
   785 | D        | Found a corrupted altar of Lugonu.
   785 | D        | Found a viscous altar of Jiyva.
   795 | D        | Reached skill level 16 in Spellcasting
   795 | D        | Reached skill level 10 in Conjurations
   801 | D        | Learned a level 2 spell: Throw Frost
   888 | D        | Offered knowledge of Mephitic Cloud by Vehumet.
   888 | D        | Reached skill level 1 in Short Blades
   888 | D        | Reached skill level 1 in Ice Magic
   893 | D        | Learned a level 3 spell: Mephitic Cloud
   977 | D        | Reached *** piety under Vehumet
   977 | D        | Reached skill level 1 in Fighting
   977 | D        | Reached skill level 1 in Armour
   977 | D        | Reached skill level 1 in Shields
  1014 | D        | Noticed a two-headed ogre
  1024 | D        | Killed a two-headed ogre
  1024 | D        | Reached skill level 1 in Air Magic
  1024 | D        | Reached skill level 1 in Poison Magic
  1051 | D        | Noticed Erolcha
  1052 | D        | Slain by Erolcha

Vault maps used:
D:        dungeon_sprint_mu

Skill      XL: |  1  2  3  4  5  6  7  8 |
---------------+-------------------------+-----
Spellcasting   | 6 9 13 15 16 | 16.4
Conjurations   | 3 5 8 9 10 | 10.3
Fire Magic     | 4 6 9 10 | 10.8
Short Blades   | 2 |  2.0
Ice Magic      | 2 |  2.0
Fighting       | 1 |  1.4
Armour         | 1 |  1.4
Dodging        | 3 |  3.4
Shields        | 1 |  1.5
Air Magic      | 1 |  1.3
Poison Magic   | 1 |  1.7
Stealth        | |  2.4

Action                   |  1- 3 |  4- 6 |  7- 9 || total
-------------------------+-------+-------+-------++-------
 Cast: Flame Tongue      |     9 |     4 |    37 ||    50
       Throw Flame       |     5 |       |       ||     5
       Conjure Flame     |     1 |       |     5 ||     6
       Sticky Flame      |       |     3 |     4 ||     7
       Inner Flame       |       |       |     4 ||     4
       Fireball          |       |       |     2 ||     2
       Mephitic Cloud    |       |       |     1 ||     1
  Use: Scroll            |     4 |       |       ||     4
       Potion            |     3 |       |       ||     3
  Eat: Chunk             |       |       |     1 ||     1
Armor: Robe              |       |     2 |       ||     2
Dodge: Dodged            |     1 |     2 |     6 ||     9

Table legend:
 A = Spawn XP
 B = Non-spawn XP
 C = Spawn XP percentage of total XP
 D = Spawn monster count
 E = Non-spawn monster count
 F = Spawn count percentage of total count
 G = Total turns spent on level
                    A         B        C        D         E        F      G
               +---------+---------+-------+---------+---------+-------+---------
         Total |       0 |    2484 |   0.0 |       0 |      21 |   0.0 |  1052
               +---------+---------+-------+---------+---------+-------+---------
             D |       0 |    2484 |   0.0 |       0 |      21 |   0.0 |  1052
               +---------+---------+-------+---------+---------+-------+---------
